 Dungeon Crawl Stone Soup version 0.31-a0-1178-gc5c9b8f871 (webtiles) character file.

Game seed: 9683746136602438239

43 qw the Shooter (level 3, -1/22 HPs)
             Began as a Gargoyle Hunter on Dec 11, 2023.
             Slain by Terence
             ... wielding a +0 hand axe
              (5 damage)
             ... on level 2 of the Dungeon.
             The game lasted 00:00:22 (757 turns).

qw the Shooter (Gargoyle Hunter)                     Turns: 757, Time: 00:00:23

Health: -1/22      AC:  6    Str: 14    XL:     3   Next: 58%
Magic:  3/3        EV: 11    Int:  9    God:
Gold:   79         SH:  0    Dex: 15    Spells: 2/2 levels left

rFire   . . .        a - +0 shortbow
rCold   . . .        (shield currently unavailable)
rNeg    + . .        c - +0 leather armour
rPois   inf          (no helmet)
rElec   +            (no cloak)
rCorr   .            (no gloves)
SInv    .            (no boots)
Will    .....        (no amulet)
Stlth   ++           (no ring)
HPRegen 0.23/turn    (no ring)
MPRegen 0.08/turn

%: no passive effects
@: hasted, very quick
A: sickness immunity, AC +3, negative energy resistance 1, electricity
resistance, torment resistance 1, petrification resistance
a: no special abilities


You were on level 2 of the Dungeon.
You visited 1 branch of the dungeon, and saw 2 of its levels.

You collected 79 gold pieces.


Innate Abilities, Weirdness & Mutations

You are immune to sickness and miasma.
Your stone body is resilient. (AC +3)
You are immune to poison.
You resist negative energy. (rN+)
You are resistant to electric shocks. (rElec)
You are resistant to unholy torment.
You are immune to petrification.


   Skills:
 + Level 2.8 Fighting
 - Level 5.0 Ranged Weapons
 - Level 1.5 Dodging
 - Level 1.1 Stealth


You had 2 spell levels left.
You didn't know any spells.
Your spell library was empty.

Inventory:

Hand Weapons
 a - a +0 shortbow (weapon)
Armour
 b - the +3 leather armour "Dulo" {rPois Regen+ rCorr}
   (You found it on level 2 of the Dungeon)

   rPois:     It protects you from poison Regen+: It increases your rate of
   health regeneration.
   rCorr:     It protects you from acid and corrosion.
 c - a +0 leather armour (worn)
Potions
 d - a potion of curing
 f - a potion of resistance {unknown}
 g - a potion of enlightenment {unknown}

Dungeon Overview and Level Annotations

Branches:
Dungeon (2/15)

Altars:

Annotations:
D:2 Terence


Message History

Terence is moderately wounded.
Terence hits you with a +0 hand axe. x2
You shoot an arrow.
The arrow hits Terence but does no damage.
Terence is moderately wounded.
Terence hits you with a +0 hand axe.
You shoot an arrow. The arrow closely misses Terence.
Terence barely misses you.
You shoot an arrow.
The arrow hits Terence but does no damage.
Terence is moderately wounded.
Terence looks scornfully at you. Terence misses you.
You shoot an arrow. The arrow hits Terence.
Terence is heavily wounded.
Terence hits you with a +0 hand axe.
750 ||| DRINKING 2 lumpy golden potions.
It was a potion of curing.
You feel better. Terence closely misses you.
You shoot an arrow. The arrow closely misses Terence.
Terence closely misses you. x2
You shoot an arrow. The arrow barely misses Terence.
Terence hits you but does no damage.
You shoot an arrow.
The arrow hits Terence but does no damage.
Terence is heavily wounded.
Terence hits you with a +0 hand axe!
You shoot an arrow.
The arrow hits Terence but does no damage.
Terence is heavily wounded.
Terence barely misses you.
You shoot an arrow. The arrow barely misses Terence.
Terence closely misses you.
You shoot an arrow. The arrow barely misses Terence.
Terence hits you with a +0 hand axe. x2
757 ||| DRINKING fuming pink potion.
It was a potion of haste.
You feel yourself speed up. Terence hits you with a +0 hand axe.
You die...
Terence says, "Rest in peace."

#.#........#..######.
#.#........##......#.
#.#.#########.####...
#.#.............###..
#.#######...#.#.####.
#........<..#........
#############.#.####.
################.#.# #.
......@@.......#.#.####.
##.###########.#.#......
#.#........
####.#.######.
#.##.#........
#.##.#.######. #.##.#.#
## #.##.#.# #.##.#.#


You could see Terence.

Vanquished Creatures
  An adder (D:2)
  2 dart slugs (D:2)
  A ball python (D:1)
  5 endoplasms (D:1)
  4 giant cockroaches
  3 goblins
  A hobgoblin (D:2)
  A kobold (D:2)
  A quokka (D:1)
  4 bats
  A frilled lizard (D:2)
  2 rats
26 creatures vanquished.

Notes
Turn   | Place    | Note
-------+----------+-------------------------------------------
     0 | D:1      | qw the Gargoyle Hunter began the quest for the Orb.
     0 | D:1      | Reached XP level 1. HP: 12/12 MP: 1/1
     0 | D:1      | 0 ||| qw: Version: 0.3-a-106-g2cfff9e
     0 | D:1      | 0 ||| qw: Game counter: 1966
     0 | D:1      | 0 ||| qw: Melee chars always use a shield: true
     0 | D:1      | 0 ||| qw: God list: Okawaru
     0 | D:1      | 0 ||| qw: Allow faded altars: false
     0 | D:1      | 0 ||| qw: Do Orc after clearing Dungeon:15 true
     0 | D:1      | 0 ||| qw: Do second Lair branch before Depths: true
     0 | D:1      | 0 ||| qw: Lair rune preference: random
     0 | D:1      | 0 ||| qw: Goals: Normal, Save, Zot:1-4, Win
     0 | D:1      | 0 ||| PLANNING D:1-11
   117 | D:1      | Reached XP level 2. HP: 12/17 MP: 2/2
   393 | D:1      | 393 ||| DROPPING scroll of butterflies.
   418 | D:2      | Found a faded altar of an unknown god.
   447 | D:2      | Reached XP level 3. HP: 20/21 MP: 3/3
   533 | D:2      | Reached skill level 5 in Ranged Weapons
   549 | D:2      | Identified the +3 leather armour "Dulo" {rPois Regen+
                  | rCorr}
   736 | D:2      | Noticed Terence
   749 | D:2      | HP: 2/22 [Terence/+0 hand axe (5)]
   750 | D:2      | 750 ||| DRINKING 2 lumpy golden potions.
   756 | D:2      | HP: 4/22 [Terence/+0 hand axe (2)]
   757 | D:2      | 757 ||| DRINKING fuming pink potion.
   757 | D:2      | Slain by Terence

Levels and vault maps discovered:
D:1:      dpeg_arrival_solitude, layout_rooms, amcnicky_mini_pool_small
D:2:      layout_basic, dreamdust_ecumenical_altar_grove, hex_tiny, uniq_terence

Skill      XL: |  1  2  3 |
---------------+----------+-----
Ranged Weapons | 5 |  5.0
Fighting       | |  2.8
Dodging        | |  1.5
Stealth        | |  1.1

Action                     || total
---------------------------++-------
   Fire: Shortbow          ||    97
    Use: Potion            ||     2
 Armour: Leather armour    ||    32
  Dodge: Dodged            ||    16

Table legend:
 A = Non-vault XP
 B = Vault XP
 C = Vault XP percentage of total XP
 D = Non-vault monster count
 E = Vault monster count
 F = Vault count percentage of total count
                 A         B        C        D         E       F
            +---------+---------+-------+---------+---------+-------
      Total |      62 |       0 |   0.0 |      26 |       0 |   0.0
            +---------+---------+-------+---------+---------+-------
        D:1 |      24 |       0 |   0.0 |      13 |       0 |   0.0
        D:2 |      38 |       0 |   0.0 |      13 |       0 |   0.0
            +---------+---------+-------+---------+---------+-------
